 Dungeon Crawl Stone Soup version 5.4-155-g4a05093 (webtiles) character file.

2391 qzeqze the Reanimator (level 10, -14/102 HPs)
             Began as a Titan Wizard on Apr 7, 2018.
             Demolished by Snorg (20 damage)
             ... on level 10 of the Dungeon on Apr 8, 2018.
             The game lasted 01:37:41 (11241 turns).

qzeqze the Reanimator (Titan Wizard)               Turns: 11241, Time: 01:37:42

Health: -14/102    AC:  3 (0%)Str: 12   XL:     10   Next: 73%
Magic:  26/27      EV: 12    Int: 32    God:
Gold:   835        SH:  0    Dex: 12    Spells: 11/21 levels left

rFire    + . .     SeeInvis .   a - +2 trident of Fear {flame, rPois Int+4}
rCold    . . .     Faith    .   (no shield)
rNeg     . . .     Spirit   .   d - +0 robe
rPois    +         Reflect  .   m - +0 hat
rElec    +                      j - +0 cloak
rCorr    +                      (gloves unavailable)
MR       +....                  (boots unavailable)
Stlth    ++........             (no amulet)
Regen    0.3/turn               H - ring of resist corrosion
MPRegen  0.3/turn               y - ring of fire

@: very slightly contaminated, invisible
A: unfitting armour, high mp 1, electricity resistance
a: no special abilities


You were on level 10 of the Dungeon.
You were not hungry.

You visited 1 branch of the dungeon, and saw 10 of its levels.

You collected 835 gold pieces.

Inventory:

Hand Weapons
 a - the +2 trident of Fear (weapon) {flame, rPois Int+4}
   (You found it on level 7 of the Dungeon)

   It has been specially enchanted to produce a fiery explosion on hit, causing
   extra injury to most foes and up to half again as much damage against
   particularly susceptible opponents.
   It affects your intelligence (+4).
   It protects you from poison.
 b - a +0 longbow
 n - a +0 giant club
 u - a +2 flail of draining
 D - a +0 dagger of electrocution
 E - a +0 arbalest
Missiles
 c - 128 poisoned darts (quivered)
 k - 24 large rocks
Armour
 d - a +0 robe (worn)
 j - a +0 cloak (worn)
 m - a +0 hat (worn)
 I - the +2 robe of Dong {rElec rF- rC+}
   (You found it on level 9 of the Dungeon)

   It makes you vulnerable to fire.
   It protects you from cold.
   It insulates you from electricity.
Magical Staves
 v - an uncursed staff of earth
Jewellery
 y - a ring of fire (right hand)
 H - a ring of resist corrosion (left hand)
Wands
 w - a wand of flame (5)
 x - a wand of lightning (7)
 B - a wand of acid (4)
Scrolls
 e - 2 scrolls of fear
 f - 2 scrolls of fog
 i - 2 scrolls of enchant armour
 l - 3 scrolls of amnesia
 t - a scroll of teleportation
 C - a scroll of magic mapping
 G - a scroll of summoning
 K - a scroll of blinking
Potions
 g - 4 potions of augmentation
 h - 2 potions of haste
 o - 3 potions of heal wounds
 q - 4 potions of flight
 r - a potion of magic
 s - 2 potions of ambrosia
 z - 2 potions of resistance
 A - a potion of lignification
 J - a potion of mutation
Miscellaneous
 F - a sack of spiders


   Skills:
 + Level 7.3 Fighting
 + Level 5.5 Dodging
 + Level 1.9 Stealth
 + Level 2.5 Hexes
 - Level 0.8 Summonings
 + Level 8.3 Necromancy
 - Level 4.1 Translocations
 - Level 0.8 Transmutations
 - Level 6.1 Fire Magic
 - Level 6.0 Air Magic
 + Level 3.1 Earth Magic


You had 11 spell levels left.
You knew the following spells:

 Your Spells              Type           Power        Failure   Level  Hunger
l - Passwall              Tmut/Erth      12 (200)     5%          2    N/A
s - Sublimation of Blood  Necr           52 (200)     1%          2    N/A
z - Magic Dart            Air            25 (25)      1%          1    N/A
B - Blink                 Tloc           N/A          2%          2    N/A
J - Conjure Flame         Fire/Air       55 (100)     1%          3    N/A

Dungeon Overview and Level Annotations

Branches:
Dungeon (10/15)

Annotations:
D:10 Snorg


Innate Abilities, Weirdness & Mutations

You are too large for most types of armour.
You have an increased reservoir of magic. (+10% MP)
You are resistant to electric shocks. (rElec)


Message History

Snorg is engulfed in blazing flames (11).
Snorg bites you (7)! Snorg closely misses you. Snorg claws you (6).
* * * LOW HITPOINT WARNING * * *
You barely miss Snorg.
Snorg is heavily wounded.
Snorg is engulfed in blazing flames (11).
Snorg barely misses you. Snorg closely misses you. x2
Snorg is engulfed in blazing flames (7).
Snorg barely misses you. x2; Snorg claws you (8)!
* * * LOW HITPOINT WARNING * * *
You hit Snorg (3).
Snorg is burned (2)!
Snorg is heavily wounded.
Snorg is engulfed in blazing flames (9).
Snorg barely misses you. Snorg claws you (10)!
* * * LOW HITPOINT WARNING * * *
Snorg claws you (7)!
* * * LOW HITPOINT WARNING * * *
Snorg is engulfed in blazing flames (6).
Snorg barely misses you. Snorg closely misses you. Snorg claws you (20)!!
You die...

#.......... ##............#.
#...####.######........##P..#.
#...#≈≈...≈≈##.#......#.###...
###.#≈≈...≈≈###........## ###.
#.#≈......#.##......## #.
#...................# #.
###......≈#.........# ..
#≈≈...≈≈#T#.#####P# ..
#≈≈...≈≈#@### ### ..
####.####..# # #.......##
###P##.## ######


You could see Snorg (berserk).

Vanquished Creatures
  Psyche (D:8)
  2 trolls (D:9)
  3 wyverns
  9 yaks
  An angry ghost (D:8)
  A steam dragon (D:10)
  Edmund (D:5)
  4 water moccasins
  A spiny frog zombie (D:8)
  5 orc warriors
  2 ice beasts
  A black bear (D:6)
  A wasp (D:7)
  5 ogres
  A phantom (D:10)
  5 centaurs
  3 bullfrogs
  2 wyvern zombies
  3 crimson imps
  A howler monkey (D:3)
  A bullfrog zombie (D:3)
  A wasp zombie (D:6)
  3 jellies
  An orc priest (D:4)
  3 hounds
  A bullfrog skeleton (D:6)
  11 orc wizards
  A gnoll shaman (D:6)
  A killer bee zombie (D:7)
  2 worker ants
  3 iguanas
  10 gnolls
  9 adders
  4 shadow imps
  A white imp (D:10)
  An ufetubus (D:10)
  2 oozes
  A dart slug (D:1)
  32 orcs
  3 quokkas
  10 bats
  2 giant cockroaches
  5 goblins
  9 hobgoblins
  8 jackals
  4 kobolds
  6 frilled lizards
  A jackal skeleton (D:4)
  A quokka skeleton (D:5)
  4 rats
193 creatures vanquished.

Notes
Turn   | Place    | Note
-------+----------+-------------------------------------------
     0 | D:1      | qzeqze the Titan Wizard began the quest for the Orb.
     0 | D:1      | Reached XP level 1. HP: 16/16 MP: 5/5
   337 | D:1      | Reached XP level 2. HP: 24/24 MP: 2/7
  1049 | D:2      | Reached XP level 3. HP: 18/31 MP: 2/9
  1054 | D:2      | Learned a level 3 spell: Conjure Flame
  1314 | D:2      | Found a sacrificial altar of Ru.
  1499 | D:2      | Found a faded altar of an unknown god.
  1607 | D:2      | Found an ancient bone altar of Kikubaaqudgha.
  1671 | D:2      | Reached XP level 4. HP: 39/39 MP: 9/11
  1675 | D:2      | Learned a level 2 spell: Sublimation of Blood
  1794 | D:2      | Found a glowing golden altar of the Shining One.
  2104 | D:3      | Noticed a wyvern
  2121 | D:3      | Killed a wyvern
  2121 | D:3      | Reached skill level 5 in Air Magic
  2121 | D:3      | Reached XP level 5. HP: 13/45 MP: 2/13
  2125 | D:3      | Learned a level 2 spell: Blink
  2389 | D:3      | Reached skill level 1 in Necromancy
  2389 | D:3      | Reached skill level 1 in Translocations
  2389 | D:3      | Reached skill level 1 in Fire Magic
  2565 | D:3      | Reached XP level 6. HP: 53/53 MP: 7/16
  2903 | D:3      | Noticed an ice beast
  2915 | D:3      | Killed an ice beast
  3554 | D:4      | Noticed a dagger
  3555 | D:4      | Noticed a hand axe
  3555 | D:4      | Found a hide-covered altar of Uskayaw.
  3565 | D:4      | Reached skill level 2 in Necromancy
  3677 | D:4      | Reached XP level 7. HP: 59/59 MP: 16/18
  3773 | D:4      | Found a sparkling altar of Nemelex Xobeh.
  3899 | D:4      | Found a glowing silver altar of Zin.
  4025 | D:4      | Learned a level 2 spell: Passwall
  4108 | D:5      | Entered Level 5 of the Dungeon
  4601 | D:5      | Noticed Edmund
  4609 | D:5      | Reached skill level 3 in Necromancy
  4612 | D:5      | Killed Edmund
  4714 | D:5      | Reached XP level 8. HP: 67/67 MP: 10/20
  5012 | D:5      | Found an opulent altar of Gozag.
  5012 | D:5      | Found a deep blue altar of Sif Muna.
  5319 | D:5      | Reached skill level 4 in Necromancy
  5474 | D:5      | Found a shadowy altar of Dithmenos.
  5699 | D:6      | Found a burning altar of Makhleb.
  5700 | D:6      | Found a stormy altar of Qazlal.
  5700 | D:6      | Found an ornate altar of the Wu Jian Council.
  5700 | D:6      | Found a viscous altar of Jiyva.
  5700 | D:6      | Found a radiant altar of Vehumet.
  5700 | D:6      | Found a snail-covered altar of Cheibriados.
  5700 | D:6      | Found a basalt altar of Yredelemnul.
  5714 | D:6      | Found a bloodstained altar of Trog.
  5714 | D:6      | Found a shimmering altar of Xom.
  5714 | D:6      | Found a sacrificial altar of Ru.
  5714 | D:6      | Found an iron altar of Okawaru.
  5714 | D:6      | Found a white marble altar of Elyvilon.
  5770 | D:6      | Found a radiant altar of Vehumet.
  5932 | D:6      | Reached skill level 5 in Fire Magic
  6528 | D:6      | Reached skill level 5 in Necromancy
  7156 | D:7      | Reached XP level 9. HP: 74/74 MP: 8/23
  7252 | D:7      | Reached skill level 6 in Necromancy
  7334 | D:7      | Reached skill level 1 in Fighting
  7526 | D:7      | Got the +2 trident of Fear {flame, rPois Int+4}
  8017 | D:8      | Reached skill level 7 in Necromancy
  8533 | D:8      | Noticed Psyche
  8544 | D:8      | Killed Psyche
  8544 | D:8      | Reached skill level 5 in Fighting
  8674 | D:8      | Reached XP level 10. HP: 97/97 MP: 19/25
  8945 | D:8      | Reached skill level 1 in Earth Magic
  9343 | D:9      | Reached skill level 1 in Hexes
  9371 | D:9      | Reached skill level 8 in Necromancy
  9780 | D:9      | Reached skill level 5 in Dodging
 10034 | D:9      | Got the +2 robe of Dong {rElec rF- rC+}
 11068 | D:10     | Entered Level 10 of the Dungeon
 11068 | D:10     | Noticed Snorg
 11069 | D:10     | Noticed a cyan ugly thing
 11241 | D:10     | Demolished by Snorg

Skill      XL: |  1  2  3  4  5  6  7  8  9 10 |
---------------+-------------------------------+-----
Air Magic      | 2 3 5 6 |  6.0
Necromancy     | 1 2 3 5 7 8 |  8.3
Translocations | 1 2 3 4 |  4.1
Fire Magic     | 1 2 3 5 6 |  6.1
Fighting       | 5 7 |  7.3
Dodging        | 4 5 |  5.5
Earth Magic    | 3 |  3.1
Hexes          | 2 |  2.5
Stealth        | |  1.9
Summonings     | |  0.8
Transmutations | |  0.8

Action                   |  1- 3 |  4- 6 |  7- 9 | 10-12 || total
-------------------------+-------+-------+-------+-------++-------
Melee: Whip              |     6 |     1 |       |       ||     7
       Trident           |       |     7 |    58 |    79 ||   144
 Fire: Longbow           |       |       |   106 |    36 ||   142
       Arbalest          |       |       |       |     7 ||     7
Throw: Poisoned dart     |     1 |     5 |     9 |     2 ||    17
       Large rock        |       |     6 |       |       ||     6
 Cast: Magic Dart        |    80 |    72 |   212 |   100 ||   464
       Conjure Flame     |       |     6 |    37 |    22 ||    65
       Blink             |       |     1 |     3 |     6 ||    10
  Use: Potion            |       |     1 |       |     2 ||     3
       Scroll            |       |       |       |     1 ||     1
Armor: Robe              |     6 |     1 |     8 |     8 ||    23
       Skin              |       |     7 |       |       ||     7
Dodge: Dodged            |    13 |     5 |    47 |    46 ||   111
